PCL
SACRAMENTO RIVER CATS @ TACOMA RAINIERS
04/16/2108
 
TOP OF THE 1ST
Sacramento River Cats batting - Pitching for Tacoma Rainiers : RHP Vinny Hernandez
Pitching: RHP Vinny Hernandez
Batting: LHB Jon Kuduk 0-0: Called Strike
0-1: Ball
1-1: Ball
2-1: Ball
3-1: Ground out 5-3 (Groundball, 56, EV 78.8 MPH)
Batting: RHB Mike Pothast 0-0: Ball
1-0: Ball
2-0: Foul Ball, location: 2F
2-1: SINGLE (Groundball, 4D, EV 98.1 MPH)
Batting: LHB Justin Bishop 0-0: Ball
1-0: Called Strike
1-1: Ball
2-1: Fielders Choice at 2nd, 4-6 (Groundball, 4, EV 81.3 MPH)
Batting: RHB Joey Tolar 0-0: Ball
1-0: Foul Ball, location: 2LF
1-1: Foul Ball, location: 2F
1-2: Strikes out swinging
Top of the 1st over - 0 runs, 1 hit, 0 errors, 1 left on base; Sacramento 0 - Tacoma 0
BOTTOM OF THE 1ST
Tacoma Rainiers batting - Pitching for Sacramento River Cats : LHP Chase Jackson
Pitching: LHP Chase Jackson
Batting: RHB Adam Sproles 0-0: Ball
1-0: Ball
2-0: Ball
3-0: Called Strike
3-1: Base on Balls
Batting: RHB Marco Guerrero 0-0: Called Strike
0-1: Ball
1-1: Ball
2-1: Fly out, F3 (Popup, 34S, EV 88.8 MPH)
Batting: RHB Raul Rodriguez 0-0: Foul Ball, location: 2RF
0-1: Swinging Strike
0-2: Fly out, F6 (Popup, 6, EV 73.1 MPH)
Batting: RHB Jose Falcon 0-0: Ball
1-0: Called Strike
1-1: Ball
2-1: DOUBLE (Flyball, 8LXD, EV 93.1 MPH)
Adam Sproles to third
Runner from 3rd tries for Home, SAFE, no throw by CF
Batting: LHB Trevor Nicolia 0-0: Fly out, F8 (Flyball, 78S, EV 79.4 MPH)
Bottom of the 1st over - 1 run, 1 hit, 0 errors, 1 left on base; Sacramento 0 - Tacoma 1
TOP OF THE 2ND
Sacramento River Cats batting - Pitching for Tacoma Rainiers : RHP Vinny Hernandez
Batting: RHB Ryan Parker 0-0: Ball
1-0: Ball
2-0: Called Strike
2-1: Ball
3-1: Swinging Strike
3-2: Foul Ball, location: 9LMF
3-2: Foul Ball, location: 25FF
3-2: Strikes out looking
Batting: RHB Eric Mathews 0-0: Ball
1-0: Called Strike
1-1: SINGLE (Groundball, 56D, EV 100.6 MPH)
Batting: SHB Sal Escobar 0-0: Called Strike
0-1: Ball
1-1: Fly out, F8 (Flyball, 8RD, EV 81.9 MPH)
Batting: RHB Luis Martinez 0-0: Fielders Choice at 2nd, 6-4 (Groundball, 6, EV 105.6 MPH)
Top of the 2nd over - 0 runs, 1 hit, 0 errors, 1 left on base; Sacramento 0 - Tacoma 1
BOTTOM OF THE 2ND
Tacoma Rainiers batting - Pitching for Sacramento River Cats : LHP Chase Jackson
Batting: RHB Matt Paris 0-0: Ball
1-0: Ball
2-0: Fly out, F3 (Popup, 3F, EV 68.8 MPH)
Batting: LHB Jason Morris 0-0: Fly out, F7 (Flyball, 7, EV 89.4 MPH)
Batting: RHB Danny Mendoza 0-0: Ball
1-0: Fly out, F4 (Popup, 34S, EV 70.0 MPH)
Bottom of the 2nd over - 0 runs, 0 hits, 0 errors, 0 left on base; Sacramento 0 - Tacoma 1
TOP OF THE 3RD
Sacramento River Cats batting - Pitching for Tacoma Rainiers : RHP Vinny Hernandez
Batting: RHB Chris Cramer 0-0: Called Strike
0-1: Ball
1-1: Ball
2-1: Ground out 5-3 (Groundball, 56S, EV 83.8 MPH)
Batting: LHB Jon Kuduk 0-0: Ball
1-0: Bunt missed!
1-1: Ball
2-1: Swinging Strike
2-2: Fly out, F2 (Popup, 25F, EV 52.5 MPH)
Batting: RHB Mike Pothast 0-0: Ball
1-0: Called Strike
1-1: Ball
2-1: Called Strike
2-2: Ball
3-2: Foul Ball, location: 5FF
3-2: Foul Ball, location: 25FF
3-2: Foul Ball, location: 2LF
3-2: Base on Balls
Batting: LHB Justin Bishop 0-0: Ground out 1-3 (Groundball, 15S, EV 61.9 MPH)
Top of the 3rd over - 0 runs, 0 hits, 0 errors, 1 left on base; Sacramento 0 - Tacoma 1
BOTTOM OF THE 3RD
Tacoma Rainiers batting - Pitching for Sacramento River Cats : LHP Chase Jackson
Batting: RHB Tony Mireles 0-0: Foul Ball, location: 3F
0-1: Ball
1-1: Swinging Strike
1-2: Ball
2-2: Strikes out swinging
Batting: RHB Adam Sproles 0-0: Called Strike
0-1: Called Strike
0-2: Ball
1-2: Foul Ball, location: 9LMF
1-2: Strikes out looking
Batting: RHB Marco Guerrero 0-0: Called Strike
0-1: Ball
1-1: Ball
2-1: Foul Ball, location: 2F
2-2: Foul Ball, location: 2F
2-2: Strikes out swinging
Bottom of the 3rd over - 0 runs, 0 hits, 0 errors, 0 left on base; Sacramento 0 - Tacoma 1
TOP OF THE 4TH
Sacramento River Cats batting - Pitching for Tacoma Rainiers : RHP Vinny Hernandez
Batting: RHB Joey Tolar 0-0: Ball
1-0: Called Strike
1-1: Foul Ball, location: 9LMF
1-2: Ball
2-2: Ball
3-2: Foul Ball, location: 2F
3-2: Foul Ball, location: 3DF
3-2: SINGLE (Flyball, 78S, EV 94.4 MPH)
Batting: RHB Ryan Parker 0-0: Foul Ball, location: 7LDF
0-1: SINGLE (Line Drive, 8RS, EV 101.9 MPH)
Joey Tolar to second
Batting: RHB Eric Mathews 0-0: Called Strike
0-1: Ball
1-1: Ball
2-1: Called Strike
2-2: Foul Ball, location: 25F
2-2: SINGLE (Groundball, 4M, EV 100.6 MPH)
Joey Tolar to third
Ryan Parker to second
Runner from 3rd tries for Home, SAFE, throw by CF to home
Batting: SHB Sal Escobar 0-0: Ball
1-0: Ball
2-0: Ball
3-0: Base on Balls
Ryan Parker to third
Eric Mathews to second
Batting: RHB Luis Martinez 0-0: SINGLE (Line Drive, 5D, EV 96.3 MPH)
Ryan Parker scores
Eric Mathews to third
Sal Escobar to second
Runner from 3rd tries for Home, SAFE, throw by LF to home
Batting: RHB Chris Cramer 0-0: Called Strike
0-1: Ball
1-1: Foul Ball, location: 2F
1-2: Strikes out swinging
Batting: LHB Jon Kuduk 0-0: Ball
1-0: Fly out, F8 (Flyball, 8LD, EV 107.5 MPH)
Batting: RHB Mike Pothast 0-0: Called Strike
0-1: Ball
1-1: Ball
2-1: Swinging Strike
2-2: Foul Ball, location: 5F
2-2: Ball
3-2: Strikes out swinging
Top of the 4th over - 3 runs, 4 hits, 0 errors, 2 left on base; Sacramento 3 - Tacoma 1
BOTTOM OF THE 4TH
Tacoma Rainiers batting - Pitching for Sacramento River Cats : LHP Chase Jackson
Batting: RHB Raul Rodriguez 0-0: Called Strike
0-1: SINGLE (Line Drive, 4D, EV 96.3 MPH)
Batting: RHB Jose Falcon 0-0: Called Strike
0-1: Foul Ball, location: 23FF
0-2: Ball
1-2: Foul Ball, location: 9LMF
1-2: Foul Ball, location: 3SF
1-2: Ball
2-2: SINGLE (Line Drive, 9S, EV 110.6 MPH)
Raul Rodriguez to second
Batting: LHB Trevor Nicolia 0-0: Grounds into double play, 6-4-3 (Groundball, 6, EV 92.5 MPH)
Raul Rodriguez to third
Batting: RHB Matt Paris 0-0: Called Strike
0-1: SINGLE (Line Drive, 7S, EV 104.4 MPH)
Raul Rodriguez scores
Batting: LHB Jason Morris 0-0: SINGLE (Line Drive, 6MD, EV 98.1 MPH)
Matt Paris to second
Batting: RHB Danny Mendoza 0-0: Ball
1-0: Called Strike
1-1: Ground out 5-3 (Groundball, 56S, EV 68.1 MPH)
Bottom of the 4th over - 1 run, 4 hits, 0 errors, 2 left on base; Sacramento 3 - Tacoma 2
TOP OF THE 5TH
Sacramento River Cats batting - Pitching for Tacoma Rainiers : RHP Vinny Hernandez
Batting: LHB Justin Bishop 0-0: Ball
1-0: Fly out, F7 (Flyball, 7LM, EV 73.1 MPH)
Batting: RHB Joey Tolar 0-0: Ball
1-0: Foul Ball, location: 3SF
1-1: Foul Ball, location: 25F
1-2: Ball
2-2: Ball
3-2: Fly out, F9 (Flyball, 9LMF, EV 90.0 MPH)
Batting: RHB Ryan Parker 0-0: Fly out, F5 (Popup, 56S, EV 75.0 MPH)
Top of the 5th over - 0 runs, 0 hits, 0 errors, 0 left on base; Sacramento 3 - Tacoma 2
BOTTOM OF THE 5TH
Tacoma Rainiers batting - Pitching for Sacramento River Cats : LHP Chase Jackson
Batting: RHB Tony Mireles 0-0: Ground out 6-3 (Groundball, 6, EV 81.9 MPH)
Batting: RHB Adam Sproles 0-0: Ball
1-0: Called Strike
1-1: Foul Ball, location: 9LSF
1-2: Ball
2-2: Ball
3-2: Base on Balls
Batting: RHB Marco Guerrero 0-0: Ball
1-0: Ground out 4-3 (Groundball, 34, EV 101.9 MPH)
Adam Sproles to second
Batting: RHB Raul Rodriguez 0-0: Called Strike
0-1: Called Strike
0-2: Foul Ball, location: 9LDF
0-2: Ball
1-2: SINGLE (Line Drive, 7LM, EV 100.6 MPH)
Adam Sproles to third
Batting: RHB Jose Falcon 0-0: Foul Ball, location: 2F
0-1: Ball
1-1: Ball
2-1: Foul Ball, location: 2F
2-2: Strikes out looking
Bottom of the 5th over - 0 runs, 1 hit, 0 errors, 2 left on base; Sacramento 3 - Tacoma 2
TOP OF THE 6TH
Sacramento River Cats batting - Pitching for Tacoma Rainiers : RHP Vinny Hernandez
Batting: RHB Eric Mathews 0-0: Called Strike
0-1: Swinging Strike
0-2: Foul Ball, location: 5FF
0-2: Ball
1-2: Ball
2-2: Ball
3-2: Fly out, F5 (Line Drive, 5, EV 94.4 MPH)
Batting: SHB Sal Escobar 0-0: Foul Ball, location: 9LSF
0-1: Ground out 6-3 (Groundball, 56, EV 88.8 MPH)
Batting: RHB Luis Martinez 0-0: Ball
1-0: Ball
2-0: Ball
3-0: Base on Balls
Batting: RHB Chris Cramer 0-0: Called Strike
Luis Martinez is caught stealing 2nd base 2-4
Top of the 6th over - 0 runs, 0 hits, 0 errors, 0 left on base; Sacramento 3 - Tacoma 2
BOTTOM OF THE 6TH
Tacoma Rainiers batting - Pitching for Sacramento River Cats : LHP Chase Jackson
Batting: LHB Trevor Nicolia 0-0: Ground out 4-3 (Groundball, 4S, EV 87.5 MPH)
Batting: RHB Matt Paris 0-0: Called Strike
0-1: Called Strike
0-2: Ball
1-2: Foul Ball, location: 2F
1-2: Ball
2-2: Foul Ball, location: 2F
2-2: TRIPLE (Flyball, 89XD, EV 105.0 MPH)
Batting: LHB Jason Morris 0-0: Ball
1-0: Ball
2-0: Fly out, F4 (Line Drive, 4, EV 71.3 MPH)
Batting: RHB Danny Mendoza 0-0: Ground out 5-3 (Groundball, 56S, EV 75.0 MPH)
Bottom of the 6th over - 0 runs, 1 hit, 0 errors, 1 left on base; Sacramento 3 - Tacoma 2
TOP OF THE 7TH
Sacramento River Cats batting - Pitching for Tacoma Rainiers : RHP Vinny Hernandez
Pitching: RHP Oscar Vallejo
Batting: RHB Chris Cramer 0-0: Called Strike
0-1: Ball
1-1: Foul Ball, location: 3SF
1-2: Ball
2-2: Foul Ball, location: 2F
2-2: Strikes out looking
Batting: LHB Jon Kuduk 0-0: Ball
1-0: Ball
2-0: Foul Ball, location: 5F
2-1: Ground out U3 (Groundball, 23, EV 83.8 MPH)
Batting: RHB Mike Pothast 0-0: Called Strike
0-1: Foul Ball, location: 9LSF
0-2: Ball
1-2: Strikes out looking
Top of the 7th over - 0 runs, 0 hits, 0 errors, 0 left on base; Sacramento 3 - Tacoma 2
BOTTOM OF THE 7TH
Tacoma Rainiers batting - Pitching for Sacramento River Cats : LHP Chase Jackson
Batting: RHB Tony Mireles 0-0: Ground out 5-3 (Groundball, 5, EV 98.1 MPH)
Batting: RHB Adam Sproles 0-0: Ball
1-0: Called Strike
1-1: Ball
2-1: Ball
3-1: Foul Ball, location: 7LSF
3-2: Base on Balls
Batting: RHB Marco Guerrero 0-0: Bunt - Flyout to 13! F1
Batting: RHB Raul Rodriguez 0-0: Ball
1-0: SINGLE (Line Drive, 6MD, EV 101.3 MPH)
Adam Sproles to second
Runner from 2nd tries for 3rd, SAFE, throw by CF made to third
Batting: RHB Jose Falcon 0-0: Ball
1-0: Swinging Strike
1-1: Ball
2-1: Ball
3-1: Swinging Strike
3-2: Ground out 6-3 (Groundball, 6, EV 89.4 MPH)
Bottom of the 7th over - 0 runs, 1 hit, 0 errors, 2 left on base; Sacramento 3 - Tacoma 2
TOP OF THE 8TH
Sacramento River Cats batting - Pitching for Tacoma Rainiers : RHP Oscar Vallejo
Batting: LHB Justin Bishop 0-0: Ball
1-0: Fly out, F7 (Flyball, 7D, EV 96.3 MPH)
Batting: RHB Joey Tolar 0-0: Ball
1-0: Called Strike
1-1: Ball
2-1: Ball
3-1: SINGLE (Flyball, 89M, EV 91.3 MPH)
Batting: RHB Ryan Parker 0-0: Ball
1-0: Called Strike
1-1: Ball
2-1: Foul Ball, location: 2F
2-2: Strikes out swinging
Batting: RHB Eric Mathews 0-0: Ball
1-0: Called Strike
1-1: Ball
2-1: SINGLE (Line Drive, 89M, EV 91.3 MPH)
Joey Tolar to second
Batting: SHB Sal Escobar 0-0: Called Strike
0-1: Ball
1-1: Ball
2-1: Ball
3-1: 3-RUN HOME RUN (Flyball, 7LD, EV 91.9 MPH), Distance : 337 ft
Pitching: RHP David Armour
Batting: RHB Luis Martinez 0-0: Called Strike
0-1: Swinging Strike
0-2: Fly out, F9 (Line Drive, 9, EV 103.1 MPH)
Top of the 8th over - 3 runs, 3 hits, 0 errors, 0 left on base; Sacramento 6 - Tacoma 2
BOTTOM OF THE 8TH
Tacoma Rainiers batting - Pitching for Sacramento River Cats : LHP Chase Jackson
Batting: LHB Trevor Nicolia 0-0: Ball
1-0: Called Strike
1-1: Ground out 4-3 (Groundball, 34D, EV 96.9 MPH)
Batting: RHB Matt Paris 0-0: Ball
1-0: Fly out, F8 (Line Drive, 8RM, EV 99.4 MPH)
Batting: LHB Jason Morris 0-0: Ball
1-0: Ground out 6-3 (Groundball, 6, EV 85.6 MPH)
Bottom of the 8th over - 0 runs, 0 hits, 0 errors, 0 left on base; Sacramento 6 - Tacoma 2
TOP OF THE 9TH
Sacramento River Cats batting - Pitching for Tacoma Rainiers : RHP David Armour
Batting: RHB Chris Cramer 0-0: Called Strike
0-1: Ball
1-1: Ball
2-1: Swinging Strike
2-2: Strikes out swinging
Batting: LHB Jon Kuduk 0-0: Called Strike
0-1: Ball
1-1: Fly out, F7 (Flyball, 7, EV 73.8 MPH)
Batting: RHB Mike Pothast 0-0: Ball
1-0: Called Strike
1-1: Swinging Strike
1-2: Strikes out swinging
Top of the 9th over - 0 runs, 0 hits, 0 errors, 0 left on base; Sacramento 6 - Tacoma 2
BOTTOM OF THE 9TH
Tacoma Rainiers batting - Pitching for Sacramento River Cats : LHP Chase Jackson
Pitching: RHP Zach Lee
Batting: RHB Danny Mendoza 0-0: Ball
1-0: Ball
2-0: Foul Ball, location: 9LSF
2-1: Ground out 4-3 (Groundball, 4, EV 77.5 MPH)
Batting: RHB Tony Mireles 0-0: Swinging Strike
0-1: SINGLE (Groundball, 6MD, EV 95.0 MPH)
Batting: RHB Adam Sproles 0-0: Foul Ball, location: 3SF
0-1: Ball
1-1: Ball
2-1: Ball
3-1: Base on Balls
Tony Mireles to second
Batting: RHB Marco Guerrero 0-0: Fly out, F7 (Flyball, 7, EV 94.4 MPH)
Batting: RHB Raul Rodriguez 0-0: Ball
1-0: Ball
2-0: Called Strike
2-1: Ground out 4-3 (Groundball, 4D, EV 98.8 MPH)
Bottom of the 9th over - 0 runs, 1 hit, 0 errors, 2 left on base; Sacramento 6 - Tacoma 2
Saturday, March 15th , 2025 - OOTP Baseball 25.11 Build 103